 Dungeon Crawl Stone Soup version 0.27-a0-1579-g97d2440184 (webtiles) character file.

Game seed: 4513966082946275133

159 Zonian the Conjurer (level 5, 0/25 HPs)
             Began as a Vine Stalker Conjurer on July 17, 2021.
             Slain by an orc (3 damage)
             ... on level 4 of the Dungeon.
             The game lasted 00:05:38 (3939 turns).

Zonian the Conjurer (Vine Stalker Conjurer)         Turns: 3939, Time: 00:05:38

Health: 0/25       AC:  3    Str:  9    XL:     5   Next: 40%
Magic:  0/10       EV: 12    Int: 19    God:
Gold:   176        SH:  0    Dex: 13    Spells: 7/10 levels left

rFire    . . .     SeeInvis .   c - +2 short sword
rCold    . . .     Faith    .   (no shield)
rNeg     . . .     Spirit   +   a - +1 robe
rPois    .         Reflect  .   (no helmet)
rElec    .         Harm     .   (no cloak)
rCorr    .         Rampage  .   (no gloves)
Will     .....                  (no boots)
Stlth    ++........             (no amulet)
HPRegen  1.08/turn              (no ring)
MPRegen  0.12/turn              (no ring)

@: no status effects
A: fangs 2, regeneration 1, magic shield, antimagic bite, no potion heal 2
a: no special abilities


You were on level 4 of the Dungeon.
You visited 1 branch of the dungeon, and saw 4 of its levels.

You collected 176 gold pieces.

Inventory:

Hand Weapons
 c - a +2 short sword (weapon)
Missiles
 d - 7 silver boomerangs
Armour
 a - a +1 robe (worn)
 f - a +0 pair of gloves
Wands
 m - a wand of iceblast (10)
 o - a wand of mindburst (9)
Scrolls
 i - 2 scrolls of amnesia
Potions
 b - 2 potions of flight
 e - 2 potions of mutation {unknown}
 g - a potion of haste {unknown}
 h - 2 potions of heal wounds {unknown}
 j - a potion of cancellation {unknown}
 l - a potion of invisibility {unknown}


   Skills:
 + Level 1.0 Fighting
 + Level 2.0 Short Blades
 - Level 2.0 Dodging
 + Level 3.3 Stealth
 + Level 3.0 Spellcasting
 + Level 4.7 Conjurations


You had 7 spell levels left.
You knew the following spells:

 Your Spells              Type           Power      Damage    Failure   Level
a - Magic Dart            Conj           80%        1d7       2%          1
b - Searing Ray           Conj           40%        3d4       3%          2

Your spell library contained the following spells:

 Spells                   Type           Power      Damage    Failure   Level
 Dazzling Flash           Conj/Hex       22%        N/A       17%         3
 Sublimation of Blood     Necr           1%         N/A       22%         2
 Fulminant Prism          Conj/Hex       5%         3d7       50%         4
 Iskenderun's Mystic Bla  Conj/Tloc      11%        2d4       50%         4
 Petrify                  Tmut/Erth      2%         N/A       83%         4
 Irradiate                Conj/Tmut      5%         3d15      85%         5


Dungeon Overview and Level Annotations

Branches:
Dungeon (4/15)
 Temple: D:4-7

Altars:

Shops:
D:2 !


Innate Abilities, Weirdness & Mutations

You have extremely sharp teeth.
Your natural rate of healing is unusually fast.
When hurt, damage is shared between your health and your magic reserves.
Your bite disrupts and absorbs the magic of your enemies.
Potions cannot restore your health.


Message History

The orc hits you with a +0 dagger.
Unknown command.
The orc closely misses you.
Casting: Magic Dart (safe; 2% risk of failure)
Confirm with . or Enter, or press ? or * to list all spells.
Aiming: Searing Ray (safe; 3% risk of failure)
Press: ? - help, Shift-Dir - straight line, f - orc
Aim: an orc, wielding a +0 whip (78% to hit)
The searing ray hits the orc!
You kill the orc!
The searing ray misses the orc priest. (Press . to maintain the ray.)
The searing ray hits the orc priest.
The orc priest is severely wounded.
The searing ray hits the orc.
You kill the orc!
The orc priest hits you with a +0 mace.
Unknown command.
Without enough magic to sustain it, your searing ray dissipates.
The orc priest hits you with a +0 mace.
* * * LOW HITPOINT WARNING * * *
The orc hits you with a +0 short sword.
* * * LOW HITPOINT WARNING * * *
Unknown command.
You closely miss the orc priest. Your bite misses the orc priest.
The orc priest is severely wounded.
The orc priest hits you with a +0 mace.
* * * LOW HITPOINT WARNING * * *
The orc barely misses you.
Unknown command.
You hit the orc priest.
You kill the orc priest!
The orc barely misses you.
Your Fighting skill increases to level 1!
Your Short Blades skill increases to level 2!
Your Spellcasting skill increases to level 3!
You hit the orc.
The orc is moderately wounded.
The orc hits you with a +0 short sword.
You die...

......>#......#
..##.........
...............#
##♣.♣#.........
...##########.##
...#..)....... ... #...
#♣.♣#......... ##
#...###............# ...
#......♣.♣........## ##..
#.##.##........##.#. .....
#.o.###♣.♣#...###...
#88...#))@..#....#..###...
...$(.).##......##........
.###..#.#####.###.#......#
##.#.# #####......#.. #
#.# #.......... #.#
#..#....... ..#
##.#..#♣♣♣♣ ### ####.♣♣♣P♣
#...♣♣.


You could see an orc.

Vanquished Creatures
  An orc priest (D:4)
  Jessica (D:3)
  An orc wizard (D:4)
  2 adders
  A dart slug (D:2)
  4 orcs (D:4)
  3 bats
  7 endoplasms
  2 giant cockroaches
  3 goblins
  4 hobgoblins
  6 jackals
  2 quokkas
  6 ball pythons
  2 frilled lizards
  6 kobolds
  4 rats
55 creatures vanquished.

Vanquished Creatures (others)
  A fungus (D:2)
  8 plants
9 creatures vanquished.

Grand Total: 64 creatures vanquished

Notes
Turn   | Place    | Note
-------+----------+-------------------------------------------
     0 | D:1      | Zonian the Vine Stalker Conjurer began the quest for the
                  | Orb.
     0 | D:1      | Reached XP level 1. HP: 9/9 MP: 4/4
   487 | D:1      | Reached XP level 2. HP: 6/13 MP: 1/6
   648 | D:1      | Learned a level 2 spell: Searing Ray
  1733 | D:2      | Found a faded altar of an unknown god.
  1750 | D:2      | Reached XP level 3. HP: 10/16 MP: 4/7
  1845 | D:2      | Reached skill level 1 in Short Blades
  2325 | D:2      | Found Rur Emymp's Distillery.
  2965 | D:3      | Noticed Jessica
  2975 | D:3      | Killed Jessica
  2976 | D:3      | Gained mutation: Your natural rate of healing is unusually
                  | fast. [Vine Stalker growth]
  2976 | D:3      | Reached XP level 4. HP: 16/21 MP: 0/8
  3925 | D:4      | Reached XP level 5. HP: 23/25 MP: 4/10
  3937 | D:4      | HP: 1/25 [orc priest (4)]
  3939 | D:4      | Reached skill level 1 in Fighting
  3939 | D:4      | Slain by an orc

Illustrated notes

Levels and vault maps discovered:
D:1:      lemuel_arrival_behind_the_door_small, layout_basic, st_stairs_9
D:2:      layout_loops_ring, serial_shops, nicolae_shop_statue_plus,
          shapermc_ecumenical_altar_mp_ritualfount, wad_floor_pattern_1
D:3:      layout_basic, uniq_jessica
D:4:      layout_cave_pools, serial_forest, infiniplex_forest_split,
          infiniplex_forest_clump_diagonal, infiniplex_forest_lined_2,
          infiniplex_forest_zigzag_1, infiniplex_forest_lined_room_3,
          infiniplex_forest_clump_curved, infiniplex_forest_clump_tiny,
          kennysheep_cluttered_room, kennysheep_path_1,
          minmay_misc_feat_columns, guppyfry_early_orc_mine

Skill      XL: |  1  2  3  4  5 |
---------------+----------------+-----
Short Blades   | 1 2 |  2.0
Dodging        | 2 |  2.0
Stealth        | 3 |  3.3
Fighting       | 1 |  1.0
Spellcasting   | 3 |  3.0
Conjurations   | |  4.7

Action                   |  1- 3 |  4- 6 || total
-------------------------+-------+-------++-------
Melee: Short sword       |    63 |    15 ||    78
       Bite              |    14 |     2 ||    16
 Cast: Magic Dart        |    53 |    20 ||    73
       Searing Ray       |     1 |     1 ||     2
  Use: Scroll            |     3 |     4 ||     7
 Stab: Sleeping          |     3 |     1 ||     4
Armor: Robe              |     7 |     4 ||    11
Dodge: Dodged            |    38 |    11 ||    49

Table legend: (Time is in decaauts)
 A = Elapsed time spent in this place.
 B = Non-inter-level travel time spent in this place.
 C = Inter-level travel time spent in this place.
 D = Time resting spent in this place.
 E = Time spent auto-exploring this place.
 F = Levels seen in this place.
 G = Mean time per level.
                   A        B        C        D        E       F      G
               +--------+--------+--------+--------+--------+-----+--------+
         Total |   3942 |   3822 |    120 |   1428 |   2001 |   4 |  985.5 |
       Dungeon |   3942 |   3822 |    120 |   1428 |   2001 |   4 |  985.5 |
               +--------+--------+--------+--------+--------+-----+--------+

Top non-repeatable levels by time:
     D:1: 1411 daAuts
     D:2: 1300 daAuts
     D:3: 688 daAuts
     D:4: 542 daAuts
